 Dungeon Crawl Stone Soup version 0.21-a0-171-g0f4a3b6 (webtiles) character file.

235 gottogo the Ruffian (level 5, -2/53 HPs)
             Began as a Troll Monk on Aug 7, 2017.
             Slain by a bullfrog (7 damage)
             ... in a sewer.
             The game lasted 00:04:20 (2889 turns).

gottogo the Ruffian (Troll Monk)                    Turns: 2889, Time: 00:04:21

Health: -2/53      AC:  5    Str: 19    XL:     5   Next: 76%
Magic:  4/4        EV: 10    Int: 11    God:
Gold:   155        SH:  0    Dex: 13    Spells: 4/4 levels left

rFire    . . .     SeeInvis .     - Unarmed
rCold    + . .     Gourm    +   (no shield)
rNeg     . . .     Faith    .   a - +0 robe
rPois    .         Spirit   .   (helmet restricted)
rElec    .         Reflect  .   (no cloak)
rCorr    .         Harm     .   (gloves unavailable)
MR       .....                  (boots unavailable)
Stlth    ++........             (no amulet)
HPRegen  0.57/turn              o - ring of wizardry
MPRegen  0.09/turn              u - ring of protection from cold

@: brilliant, lethally poisoned (-2 -> -2)
A: unfitting armour, claws 3, fast metabolism 3, gourmand, regeneration 1,
shaggy fur 1, tough skin 2
a: no special abilities


You were in a sewer.
You were not hungry.

You visited 1 branch of the dungeon, and saw 3 of its levels.
You also visited: Sewer.

You collected 155 gold pieces.

Inventory:

Hand Weapons
 d - a +0 club
 v - a cursed -3 whip
Missiles
 c - 113 stones (quivered)
Armour
 a - a +0 robe (worn)
Jewellery
 o - a ring of wizardry (left claw)
 u - a ring of protection from cold (right claw)
Scrolls
 k - 4 scrolls of remove curse {unknown}
 l - 3 scrolls of teleportation {unknown}
 m - a scroll of identify {unknown}
 r - a scroll of immolation {unknown}
 s - 2 scrolls of recharging {unknown}
 t - 2 scrolls of fear {unknown}
 w - a scroll of amnesia {unknown}
 x - a scroll of magic mapping {unknown}
 y - a scroll of fog {unknown}
Potions
 e - a potion of agility {unknown}
 f - a potion of cancellation {unknown}
 g - a potion of brilliance
 h - a potion of magic {unknown}
 i - 2 potions of might {unknown}
 n - a potion of flight {unknown}
 p - a potion of ambrosia {unknown}
 z - a potion of curing {unknown}
 A - a potion of heal wounds {unknown}
 B - a potion of haste {unknown}
Comestibles
 b - 3 bread rations
 j - 3 fruits
 q - 2 meat rations


   Skills:
 + Level 3.5 Fighting
 - Level 2.4 Dodging
 - Level 1.0 Stealth
 * Level 5.7 Unarmed Combat


You had 4 spell levels left.
You didn't know any spells.

Dungeon Overview and Level Annotations

Branches:
Dungeon (3/15)

Altars:
Makhleb
Xom
Zin
The Shining One


Innate Abilities, Weirdness & Mutations

You are too large for most types of armour.
You have claws for hands.
Your metabolism is lightning-fast.
You like to eat raw meat.
Your natural rate of healing is unusually fast.
You are covered in fur. (AC +1)
You have very tough skin. (AC +2)


Message History

The bullfrog hits you. The bullfrog barely misses you.
The adder bites you but does no damage.
Unknown command.
The bullfrog hits you.
* * * LOW HITPOINT WARNING * * *
The adder bites you.
* * * LOW HITPOINT WARNING * * *
You are poisoned.
The adder poisons you! The bullfrog hits you.
* * * LOW HITPOINT WARNING * * *
The ball python bites you.
* * * LOW HITPOINT WARNING * * *
Unknown command.
Okay, then.
It was a potion of brilliance.
You feel clever all of a sudden.
You feel sick. The bullfrog hits you.
* * * LOW HITPOINT WARNING * * *
The bullfrog hits you!
You die...

≈≈≈..#
#..###≈≈.≈.#
≈††≈≈#
#####≈≈≈≈≈≈#
≈≈≈≈≈#
#≈≈≈≈≈≈#
≈≈≈≈≈#
#≈≈≈≈≈≈#
≈≈≈≈≈#
#≈≈≈≈≈≈#
≈≈≈≈≈#
#≈≈≈≈≈≈#
..≈≈≈#
#≈≈≈≈≈≈#
†.(≈≈#
#≈≈≈#≈≈#
†...≈#
#≈≈≈≈@S#
≈≈≈≈≈#
#≈≈≈SFF#
≈≈≈≈≈#
#≈≈≈≈SS#
≈≈≈≈≈#
#≈≈≈≈≈≈#
≈≈≈≈≈#
#≈≈≈≈≈≈#
≈≈≈≈≈#
#≈≈J≈≈≈#
≈≈≈≈≈#
#≈≈≈≈≈≈#
≈≈≈≈≈#
#≈≈#≈≈≈#
≈≈≈≈.#
##..≈≈.#


You could see 2 bullfrogs, an ooze, an adder and 3 ball pythons.

Vanquished Creatures
  8 adders
  5 river rats (Sewer)
  An ooze (D:3)
  2 worms (D:2)
  3 dart slugs
  9 leopard geckos
  3 orcs (D:3)
  3 giant cockroaches
  5 goblins
  8 hobgoblins
  7 kobolds
  14 ball pythons
  7 bats
  2 frilled lizards
  24 rats
101 creatures vanquished.

Notes
Turn   | Place    | Note
-------+----------+-------------------------------------------
     0 | D:1      | gottogo the Troll Monk began the quest for the Orb.
     0 | D:1      | Reached XP level 1. HP: 22/22 MP: 0/0
   315 | D:1      | Reached XP level 2. HP: 29/29 MP: 1/1
   701 | D:1      | Reached XP level 3. HP: 36/36 MP: 2/2
   780 | D:1      | Reached skill level 4 in Unarmed Combat
  1280 | D:2      | Found a glowing silver altar of Zin.
  1350 | D:2      | Found a shimmering altar of Xom.
  1517 | D:2      | Found a burning altar of Makhleb.
  1588 | D:2      | Reached XP level 4. HP: 40/44 MP: 3/3
  2220 | D:3      | Found a glowing golden altar of the Shining One.
  2405 | D:3      | Reached skill level 5 in Unarmed Combat
  2427 | D:3      | Found a glowing drain.
  2432 | D:3      | Reached XP level 5. HP: 53/53 MP: 4/4
  2450 | Sewer    | Entered a sewer
  2889 | Sewer    | Slain by a bullfrog

Vault maps used:
D:1:      kennysheep_arrival_seaside, serial_park_tiny_1
D:2:      grunt_temple_overflow_open, lemuel_coloured_pillars_altar
D:3:      tso_altar, portal_sewer_entry_f, uniq_terence, uniq_jessica
Sewer:    sewer_minmay_w

Skill      XL: |  1  2  3  4 |
---------------+-------------+-----
Unarmed Combat | 4 5 |  5.7
Fighting       | 3 |  3.5
Dodging        | |  2.4
Stealth        | |  1.0

Action                   |  1- 3 |  4- 6 || total
-------------------------+-------+-------++-------
Melee: Unarmed           |    85 |   176 ||   261
       Punch             |     1 |     2 ||     3
  Use: Potion            |       |     1 ||     1
 Stab: Sleeping          |     1 |     3 ||     4
  Eat: Chunk             |    20 |     8 ||    28
Armor: Robe              |    26 |    99 ||   125
Dodge: Dodged            |    42 |   140 ||   182
